 Dungeon Crawl Stone Soup version 0.30-a0-187-gd9c2deaf24 (webtiles) character file.

Game seed: 7867030706839907480

242 KennySheep the Trooper (level 6, -1/67 HPs)
             Began as an Ogre Berserker on Oct 4, 2022.
             Was a Believer of Trog.
             Killed from afar by an orc wizard (7 damage)
             ... with a magic dart
             ... on level 5 of the Dungeon.
             The game lasted 00:07:59 (3561 turns).

KennySheep the Trooper (Ogre Berserker)             Turns: 3561, Time: 00:08:00

Health: -1/67      AC:  3    Str: 24    XL:     6   Next: 9%
Magic:  6/6        EV:  9    Int: 12    God:    Trog [**....]
Gold:   30         SH:  0    Dex: 14    Spells: 5/5 levels left

rFire   + + .      SeeInvis .    a - +0 mace
rCold   . . .      Faith    .    j - +2 kite shield
rNeg    . . .      Spirit   .    b - +0 animal skin
rPois   .          Reflect  +    (helmet restricted)
rElec   .          Harm     .    (no cloak)
rCorr   .          Rampage  .    (gloves unavailable)
Will    .....                    (boots unavailable)
Stlth   +.........               s - amulet of the Madman {Reflect Fragile rF++ Int+4 SH+5}
HPRegen 0.31/turn                t - +6 ring of dexterity
MPRegen 0.10/turn                (no ring)

@: confused, hasted, very quick
A: large, unfitting armour, tough skin 1
a: Renounce Religion, Berserk, Trog's Hand


You were on level 5 of the Dungeon.
You worshipped Trog.
Trog was pleased with you.
You visited 1 branch of the dungeon, and saw 5 of its levels.

You collected 235 gold pieces.
You spent 205 gold pieces at shops.

Inventory:

Hand Weapons
 a - a +0 mace (weapon)
Armour
 b - a +0 animal skin (worn)
 j - a +2 kite shield (worn)
Jewellery
 l - a ring of protection from fire
 s - the amulet of the Madman (around neck) {Reflect Fragile rF++ Int+4 SH+5}
   (You found it on level 4 of the Dungeon)

   [amulet of reflection]

   It reflects blocked missile attacks.
   Int:       It affects your intelligence (+4).
   rF:        It greatly protects you from fire.
   Fragile:   It will be destroyed if unequipped.
   SH:        It affects your SH (+5).
 t - a +6 ring of dexterity (left hand)
Scrolls
 d - a scroll of vulnerability
 h - 3 scrolls of teleportation
 i - 2 scrolls of torment
 o - a scroll of summoning
 p - a scroll of fear
 u - a scroll of magic mapping
 v - a scroll of blinking {unknown}
Potions
 c - a potion of resistance
 e - a potion of cancellation {unknown}
 g - a potion of curing {unknown}
 k - 2 potions of attraction
 r - 2 potions of flight


   Skills:
 + Level 5.9 Fighting
 * Level 5.1 Maces & Flails
 - Level 2.6 Dodging


You had 5 spell levels left.
You didn't know any spells.
Your spell library was empty.

Dungeon Overview and Level Annotations

Branches:
Dungeon (5/15)             Temple (0/1) D:4

Altars:
Ru
Sif Muna

Shops:
D:1 =   D:3 !!   D:4 *   D:5 *


Innate Abilities, Weirdness & Mutations

You are too large for most types of armour.
You have tough skin. (AC +1)


Message History

The orc wizard hits you but does no damage.
You hit the orc but do no damage.
The orc is heavily wounded.
You block the orc's attack.
You hit the orc but do no damage.
The orc is heavily wounded.
You flicker back into view.
The orc priest begins to cast a cantrip, but forgets the words!
You block the orc's attack.
The orc wizard mumbles some strange words.
The orc wizard flickers and vanishes!
Deactivating autopickup; reactivate with Ctrl-A.
The orc hits you with a +3 morningstar of protection!
* * * LOW HITPOINT WARNING * * *
Something hits you but does no damage.
You hit the orc but do no damage.
The orc is heavily wounded.
The orc barely misses you.
You sock the orc!
You kill the orc!
Trog accepts your kill.
Throw: throwing net
Press: ? - help, Q - select action, (/) - cycle Shift-Dir - straight line, f - orc priest
Aim: an orc priest, wielding a +0 club (60% to hit)
You throw a throwing net. The throwing net hits the orc priest.
The orc priest is caught in the net!
The orc priest invokes the aid of Beogh against you.
Beogh smites you!
* * * LOW HITPOINT WARNING * * *
The orc priest struggles against the net.
Something hits you.
* * * LOW HITPOINT WARNING * * *
The orc priest struggles against the net.
You hear some strange, mumbled words.
You are confused.
You feel yourself speed up.
The orc priest struggles against the net.
A magic dart appears from out of thin air!
The magic dart hits you!
You die...

#...####≈≈§
#..##.#.### #.≈
##†)#.# ... #....o#
#..≈ #####.#
#..≈≈≈≈§§§#)######.#.
#..≈≈§§§≈§#{.........
#..§≈§§≈§§#.######.##
## #..§≈§≈≈###@# .#
#..§§≈≈##...# .#
#<#.§≈##.##.#
.#####'#..##.#####
...........)##
........##...§≈§§≈
........###.....§..
........# #.....###
........# ##....#


You could see an orc priest (caught).

Vanquished Creatures
  A scorpion (D:5)
  2 iguanas
  A river rat (D:4)
  4 adders
  A white imp (D:5)
  An ufetubus (D:4)
  2 worms (D:4)
  4 dart slugs
  4 orcs
  6 ball pythons
  3 bats
  3 endoplasms
  2 giant cockroaches (D:1)
  3 goblins (D:3)
  5 hobgoblins
  6 kobolds
  5 quokkas
  9 frilled lizards
  8 rats
70 creatures vanquished.

Vanquished Creatures (others)
  An orc (D:5)
  4 plants (D:4)
5 creatures vanquished.

Grand Total: 75 creatures vanquished

Notes
Turn   | Place    | Note
-------+----------+-------------------------------------------
     0 | D:1      | KennySheep the Ogre Berserker began the quest for the Orb.
     0 | D:1      | Reached XP level 1. HP: 24/24 MP: 1/1
    43 | D:1      | Reached XP level 2. HP: 30/32 MP: 2/2
   219 | D:1      | Found Vasap's Jewellery Shoppe.
   835 | D:2      | Reached XP level 3. HP: 33/40 MP: 3/3
  1361 | D:2      | Reached ** piety under Trog
  1439 | D:2      | Found a faded altar of an unknown god.
  1647 | D:3      | Found Emuedide's Distillery.
  1657 | D:3      | Bought 2 potions of heal wounds for 120 gold pieces
  1832 | D:3      | Found a shimmering blue altar of Sif Muna.
  1849 | D:3      | Found Dibily's Distillery.
  1960 | D:3      | Bought a potion of degeneration for 10 gold pieces
  2336 | D:4      | Reached XP level 4. HP: 45/49 MP: 4/4
  2435 | D:4      | Reached skill level 5 in Fighting
  2494 | D:4      | Identified the +5 spear of Cataclysm {drain, Str+3 Dex+4}
  2507 | D:4      | Found Seleca's General Store.
  2515 | D:4      | Identified the amulet of the Madman {Reflect Fragile rF++
                  | Int+4 SH+5}
  2739 | D:4      | Reached XP level 5. HP: 23/57 MP: 5/5
  2764 | D:4      | Found a staircase to the Ecumenical Temple.
  3142 | D:5      | Entered Level 5 of the Dungeon
  3233 | D:5      | Found Bauguf's Assorted Antiques.
  3348 | D:4      | Bought a scroll of magic mapping for 75 gold pieces
  3373 | D:5      | Found a sacrificial altar of Ru.
  3518 | D:5      | Reached skill level 5 in Maces & Flails
  3518 | D:5      | Reached XP level 6. HP: 38/67 MP: 6/6
  3561 | D:5      | Killed from afar by an orc wizard

Illustrated notes

Levels and vault maps discovered:
D:1:      saegor_arrival_simple_b, layout_loops_ring, serial_shops,
          nicolae_shop_temple_entry_statues_fountains, minmay_small_reverse_x
D:2:      layout_rooms, shapermc_ecumenical_altar_mp_vishouse,
          roderic_serpentine_path, minivault_11
D:3:      layout_rooms, mainiacjoe_overflow_six_doors_small, serial_shops,
          nicolae_shop_statue_plus, nicolae_shop_crystal
D:4:      layout_cave_pools, minmay_temple_entry_gardened_gates,
          portal_sewer_entry_b, serial_shops, shop, minmay_lizard_king
D:5:      layout_basic, overflow_temple_1_default, nicolae_ru_path_of_blood,
          okawaru_metal_pillars_3, serial_shops, shop, grunt_decor_junction

Skill      XL: |  1  2  3  4  5 |
---------------+----------------+-----
Maces & Flails | 3 4 5 |  5.1
Fighting       | 5 |  5.9
Dodging        | |  2.6

Action                   |  1- 3 |  4- 6 || total
-------------------------+-------+-------++-------
Melee: Mace              |   128 |   149 ||   277
Throw: Throwing net      |       |     1 ||     1
  Use: Potion            |     5 |     7 ||    12
       Scroll            |     5 |       ||     5
 Stab: Sleeping          |     1 |     1 ||     2
       Invisible         |       |     2 ||     2
Armor: Animal skin       |    39 |    29 ||    68
Dodge: Dodged            |    40 |    55 ||    95
Block: Kite shield       |    47 |   118 ||   165
       Reflection        |       |     1 ||     1

Table legend: (Time is in decaauts)
 A = Elapsed time spent in this place.
 B = Non-inter-level travel time spent in this place.
 C = Inter-level travel time spent in this place.
 D = Time resting spent in this place.
 E = Time spent auto-exploring this place.
 F = Levels seen in this place.
 G = Mean time per level.
                   A        B        C        D        E       F      G
               +--------+--------+--------+--------+--------+-----+--------+
         Total |   3636 |   3464 |    172 |     45 |   2710 |   5 |  727.2 |
       Dungeon |   3636 |   3464 |    172 |     45 |   2710 |   5 |  727.2 |
               +--------+--------+--------+--------+--------+-----+--------+

Top non-repeatable levels by time:
     D:4: 903 daAuts
     D:2: 859 daAuts
     D:3: 747 daAuts
     D:1: 720 daAuts
     D:5: 406 daAuts
